Map: Nightscape LE

Players

Massa

  • Race: Terran Terran
  • League: Platinum
  • Spawn Location: 7:00

qqq

  • Race: Zerg Zerg
  • Spawn Location: 7:00

Kelurgar - Winner!

  • Race: Terran Terran
  • Spawn Location: 1:00

Berkut - Winner!

  • Race: Protoss Protoss
  • League: Diamond
  • Spawn Location: 1:00

VOD

Have the link to the VOD?

Description

Time

  • Played on: Nov. 13, 2020, 4:51 p.m.
  • Length: 12:02
Show
View Real Time Build Order
Export as new Build Order

Massa Terran 

Build Orders: Reaper Expand 

Get SALT Encoding   

  12  0:00  SCV  
  13  0:12  SCV  
  14  0:22  Supply Depot  
  14  0:24  SCV  
  15  0:37  Refinery  
  15  0:44  SCV, Barracks  
  16  0:56  SCV  
  17  1:08  SCV  
  18  1:20  SCV  
  19  1:33  Reaper  
  19  1:36  Command Center  
  19  1:37  SCV  
  21  1:53  Orbital Command  
  21  2:04  Factory, Marine  
  22  2:22  Supply Depot  
  22  2:35  Barracks Reactor  
  22  2:37  SCV  
  23  2:49  SCV  
  24  2:53  Orbital Command  
  24  2:56  Hellion  
  26  3:03  Starport  
  26  3:09  SCV  
  27  3:14  Marine x2  
  27  3:17  Hellion  
  31  3:21  SCV  
  31  3:23  SCV  
  33  3:32  Marine x2  
  33  3:33  SCV, Engineering Bay  
  36  3:40  Hellion  
  38  3:50  Marine x2  
  39  4:08  Marine x2  
  39  4:09  Factory Tech Lab  
  41  4:13  Medivac  
  43  4:18  Command Center  
  43  4:26  Marine x2  
  43  4:29  Missile Turret x2  
  45  4:34  Barracks  
  45  4:36  Barracks  
  45  4:44  Marine  
  46  4:50  Supply Depot x2  
  46  4:52  Supply Depot  
  46  4:53  Supply Depot x2  
  46  5:05  Barracks  
  46  5:12  Marine x2, Siege Tank  
  51  5:14  Missile Turret  
  51  5:15  SCV  
  51  5:17  SCV  
  53  5:24  Barracks Tech Lab  
  53  5:25  Barracks Reactor  
  53  5:27  SCV  
  54  5:29  Marine  
  55  5:40  SCV  
  55  5:41  SCV  
  57  5:46  Missile Turret  
  54  5:50  Cyclone  
  54  5:52  SCV  
  54  5:53  SCV  
  58  6:05  SCV x2  
  58  6:07  Missile Turret  
  58  6:11  Missile Turret  
  59  6:12  Marine x5  
  56  6:38  SCV  
  56  6:39  SCV  
  58  6:50  SCV  
  58  6:51  SCV  
  58  7:03  SCV x2  
  56  7:15  Refinery, Marine  
  56  7:16  Marine x5  
  62  7:28  Missile Turret  
  62  7:29  Missile Turret  
  62  7:33  Marine, Missile Turret  
  62  7:34  Marine x5  
  68  7:48  Missile Turret  
  68  7:51  Marine  
  68  7:52  Marine  
  68  7:53  Cyclone  
  68  7:54  Starport Reactor  
  73  8:02  Refinery  
  73  8:10  Orbital Command  
  73  8:11  SCV  
  73  8:12  SCV  
  75  8:21  Missile Turret  
  75  8:23  SCV  
  75  8:24  SCV, Missile Turret  
  75  8:26  Cyclone  
  80  8:36  SCV  
  80  8:38  SCV x2  
  83  8:47  Stimpack  
  83  8:48  SCV  
  84  8:50  SCV x2  
  82  9:20  Viking  
  82  9:21  Missile Turret, Viking  
  82  9:22  Missile Turret  
  86  9:26  Refinery  
  86  9:28  Orbital Command  
  86  9:49  Missile Turret  
  86  9:50  Viking, Missile Turret  
  86  9:51  Missile Turret x2, Viking  
  86  9:52  Missile Turret  
  90  9:55  Missile Turret  
  90  9:57  Cyclone  
  93  10:04  SCV x3  
  96  10:16  SCV x3  
  96  10:20  Viking  
  101  10:38  SCV  
  100  10:46  Viking  
  85  10:54  Siege Tank  
  82  11:03  Marauder, Marine  
  82  11:04  Marine x4  
  86  11:08  SCV  
  86  11:09  SCV x2  
  92  11:21  SCV x3, Marine x2  
  92  11:22  Marine x2  
  92  11:24  Barracks Tech Lab  
  92  11:25  Marauder  
  101  11:38  SCV x2  
  101  11:39  Marine x2  
  101  11:40  Marine x2  
Show
View Real Time Build Order
Export as new Build Order

qqq Zerg 

Build Orders: Hatch First 

Get SALT Encoding   

  12  0:00  Drone  
  13  0:08  Drone  
  14  0:40  Hatchery  
  13  0:43  Drone  
  13  0:47  Overlord  
  14  1:04  Spawning Pool  
  14  1:08  Drone  
  14  1:17  Drone  
  15  1:31  Drone x3  
  18  1:43  Extractor  
  18  1:46  Drone  
  18  1:54  Drone, Queen  
  19  1:56  Drone  
  22  2:08  Drone  
  22  2:09  Drone  
  22  2:13  Queen  
  26  2:19  Overlord  
  25  2:26  Drone x2  
  28  2:37  Drone  
  28  2:39  Overlord  
  28  2:40  Overlord  
  28  2:49  Drone  
  29  2:54  Drone  
  29  2:57  Lair  
  30  3:00  Drone  
  31  3:13  Drone  
  31  3:19  Drone  
  33  3:21  Zergling x2  
  33  3:22  Hatchery, Zergling x2  
  34  3:27  Zergling x2  
  34  3:29  Zergling x4  
  34  3:30  Drone  
  38  3:34  Metabolic Boost  
  38  3:41  Zergling x2  
  39  3:44  Drone  
  40  3:51  Extractor  
  40  3:52  Drone, Evolution Chamber  
  39  3:58  Zergling x4  
  39  3:59  Drone, Zergling x2  
  43  4:17  Hydralisk Den  
  43  4:18  Drone x2  
  43  4:19  Drone x2  
  46  4:28  Queen  
  48  4:35  Drone x3  
  48  4:38  Drone x2  
  53  4:40  Hatchery  
  52  4:49  Drone  
  52  4:50  Drone x3  
  52  4:51  Evolution Chamber  
  55  4:53  Evolution Chamber  
  54  5:01  Lurker Den  
  50  5:20  Hydralisk  
  50  5:21  Hydralisk x2  
  49  5:24  Drone x5  
  58  5:38  Overlord  
  58  5:39  Overlord x4  
  58  5:42  Muscular Augments  
  58  5:44  Spore Crawler  
  58  5:46  Queen, Spore Crawler  
  58  5:47  Spore Crawler  
  57  5:55  Drone x2, Extractor  
  57  5:56  Hydralisk x2  
  62  6:01  Drone x3  
  65  6:28  Spire  
  64  6:39  Hydralisk  
  64  6:41  Drone x6  
  64  6:42  Drone x3  
  64  6:43  Spore Crawler  
  64  6:44  Spore Crawler  
  73  6:51  Queen  
  73  6:57  Overlord x3  
  73  6:58  Overlord x2  
  73  7:00  Grooved Spines  
  68  7:05  Spore Crawler  
  68  7:06  Drone x4, Spore Crawler  
  68  7:07  Drone x2  
  72  7:17  Drone x3  
  75  7:33  Drone x3  
  78  7:37  Extractor x2  
  78  7:40  Queen  
  78  7:43  Corruptor x2  
  82  7:47  Corruptor  
  82  7:48  Drone x3  
  82  7:49  Drone x2  
  82  7:50  Extractor  
  88  7:57  Hatchery  
  87  8:05  Drone  
  87  8:06  Drone  
  87  8:07  Mutalisk  
  91  8:16  Mutalisk  
  91  8:18  Drone  
  91  8:19  Drone x4  
  98  8:22  Extractor  
  98  8:24  Extractor  
  98  8:25  Spore Crawler  
  98  8:26  Queen  
  97  8:27  Spore Crawler  
  97  8:30  Corruptor  
  97  8:31  Mutalisk  
  100  8:56  Mutalisk x2  
  104  9:03  Spore Crawler  
  104  9:04  Queen  
  104  9:05  Spore Crawler x2  
  104  9:06  Overlord x2  
  104  9:07  Overlord x6  
  104  9:09  Zerg Flyer Weapons Level 1  
  103  9:15  Drone x4  
  103  9:16  Drone x3  
  110  9:25  Drone  
  111  9:35  Drone x4  
  111  9:36  Drone x2, Mutalisk x3  
  111  9:37  Mutalisk x2  
  126  9:50  Spore Crawler  
  126  9:51  Drone x2  
  126  9:52  Drone  
  128  9:57  Drone, Spore Crawler  
  128  9:58  Drone  
  129  10:00  Mutalisk x4  
  135  10:08  Infestation Pit  
  120  10:26  Mutalisk x3  
  120  10:27  Corruptor  
  112  10:41  Mutalisk  
  112  10:42  Mutalisk  
  96  10:44  Drone x3  
  96  10:45  Zergling x8  
  87  11:05  Mutalisk x3  
  87  11:06  Corruptor  
  95  11:14  Corruptor  
Show
View Real Time Build Order
Export as new Build Order

Kelurgar Terran - Winner!

Build Orders: Reaper Expand, Mech 

Get SALT Encoding   

  12  0:00  SCV  
  13  0:12  SCV  
  14  0:18  Supply Depot  
  14  0:25  SCV  
  15  0:40  SCV  
  15  0:41  Barracks  
  16  0:45  Refinery  
  16  0:52  SCV  
  17  1:04  SCV  
  18  1:16  SCV  
  19  1:30  Reaper, Orbital Command  
  20  1:42  Command Center  
  20  1:56  Refinery  
  20  1:57  SCV  
  21  2:10  Factory  
  21  2:13  Supply Depot  
  21  2:14  SCV  
  22  2:26  SCV  
  22  2:27  Barracks Reactor  
  23  2:39  SCV  
  24  2:51  SCV  
  25  2:57  Starport, Orbital Command  
  25  3:00  Refinery  
  25  3:03  SCV  
  26  3:09  Marine  
  26  3:10  Marine  
  28  3:15  SCV  
  29  3:23  SCV  
  30  3:27  SCV  
  30  3:30  Marine x2  
  33  3:34  Starport Tech Lab  
  33  3:35  SCV  
  33  3:39  SCV  
  33  3:40  Fusion Core  
  35  3:47  SCV  
  36  3:51  SCV  
  36  4:05  SCV x2  
  40  4:14  Command Center  
  40  4:24  SCV x2  
  40  4:28  Battlecruiser  
  46  4:33  Weapon Refit  
  46  4:41  Supply Depot  
  46  4:46  Supply Depot  
  46  4:56  Factory  
  46  5:01  Supply Depot  
  46  5:03  SCV x2, Hellion x2  
  52  5:15  SCV x2  
  54  5:25  Hellion x2  
  54  5:27  SCV x2  
  61  5:29  Orbital Command  
  61  5:34  Battlecruiser  
  66  6:05  Factory Tech Lab, Hellion x2  
  70  6:20  Orbital Command  
  70  6:26  Refinery  
  64  6:37  SCV x2  
  64  6:38  Battlecruiser  
  72  6:42  Refinery  
  72  6:43  Refinery  
  72  6:49  Hellion x2  
  76  6:55  SCV x3  
  76  7:00  Factory  
  79  7:01  Armory, Factory x2  
  79  7:02  Armory  
  79  7:07  SCV x3  
  82  7:19  SCV x3  
  85  7:29  Hellion x2, Siege Tank  
  92  7:30  Supply Depot x3  
  92  7:31  SCV  
  93  7:40  SCV x2  
  93  7:44  SCV  
  96  7:46  Factory Tech Lab  
  96  7:47  Factory Tech Lab, Factory Reactor  
  96  7:52  SCV x2, Supply Depot x2  
  96  7:56  SCV  
  99  8:01  Siege Tank  
  99  8:04  Factory  
  105  8:05  Siege Tank x2  
  108  8:12  Starport Reactor  
  108  8:36  Siege Tank  
  108  8:37  Siege Tank  
  108  8:38  Siege Tank  
  117  8:44  Hellion x4  
  125  9:05  Hellion  
  125  9:08  Siege Tank  
  125  9:09  Siege Tank  
  133  9:10  Siege Tank  
  133  9:13  Siege Tank  
  139  9:18  Infernal Pre-Igniter  
  139  9:21  Terran Vehicle Weapons Level 1  
  139  9:26  Supply Depot  
  139  9:27  Terran Vehicle And Ship Armor Level 1, Supply Depot  
  139  9:28  Hellion, Supply Depot  
  139  9:29  Supply Depot  
  141  9:47  Supply Depot  
  141  9:48  Hellion x2, Siege Tank, Supply Depot x2  
  141  9:49  Hellion x2, Siege Tank, Supply Depot  
  141  9:51  Thor  
  161  9:57  Command Center  
  161  10:10  Thor  
  146  10:34  Thor x2  
  146  10:35  Siege Tank  
  161  10:36  Hellion x4  
  161  10:41  Supply Depot  
  161  10:42  Supply Depot  
  169  10:43  Supply Depot  
  169  10:44  Supply Depot  
  167  10:53  Hellion  
  169  10:57  Hellion  
Show
View Real Time Build Order
Export as new Build Order

Berkut Protoss - Winner!

Build Orders:  

Get SALT Encoding   

  12  0:00  Probe  
  13  0:12  Probe  
  14  0:18  Pylon  
  14  0:25  Probe  
  15  0:39  Probe (Chrono Boost)  
  16  0:42  Gateway  
  16  0:48  Assimilator  
  17  0:51  Probe (Chrono Boost)  
  17  0:57  Probe (Chrono Boost)  
  18  1:05  Probe  
  19  1:17  Probe  
  20  1:18  Assimilator  
  20  1:29  Probe, Assimilator  
  21  1:41  Probe  
  21  1:42  Cybernetics Core  
  22  1:53  Probe  
  22  1:54  Pylon  
  23  2:12  Probe  
  23  2:15  Warp Gate (Chrono Boost)  
  23  2:19  Gateway  
  25  2:23  Stalker  
  25  2:28  Assimilator  
  25  2:40  Nexus  
  25  2:43  Probe  
  26  2:55  Probe  
  27  3:07  Probe  
  28  3:13  Pylon  
  28  3:15  Assimilator  
  28  3:19  Probe  
  29  3:40  Pylon  
  29  3:42  Probe, Stargate  
  29  3:44  Stargate  
  30  3:52  Zealot x2  
  30  3:54  Probe  
  35  4:00  Probe (Chrono Boost), Protoss Air Weapons Level 1 (Chrono Boost)  
  36  4:06  Probe (Chrono Boost)  
  37  4:12  Pylon  
  37  4:15  Probe (Chrono Boost)  
  39  4:17  Probe (Chrono Boost)  
  39  4:23  Probe (Chrono Boost)  
  41  4:26  Probe (Chrono Boost)  
  41  4:27  Phoenix  
  41  4:28  Probe (Chrono Boost)  
  41  4:29  Phoenix  
  46  4:33  Probe  
  46  4:37  Probe  
  48  4:45  Probe  
  49  4:52  Phoenix  
  51  4:54  Phoenix  
  51  4:58  Assimilator  
  50  5:07  Forge  
  50  5:10  Zealot  
  50  5:11  Zealot  
  45  5:17  Phoenix  
  44  5:26  Probe (Chrono Boost)  
  46  5:29  Probe (Chrono Boost)  
  46  5:34  Phoenix  
  49  5:37  Probe (Chrono Boost)  
  49  5:41  Probe (Chrono Boost), Photon Cannon  
  50  5:43  Photon Cannon  
  50  6:11  Phoenix x2  
  52  6:30  Void Ray (Chrono Boost)  
  52  6:35  Void Ray (Chrono Boost)  
  60  7:05  Void Ray (Chrono Boost)  
  60  7:13  Probe  
  65  7:19  Void Ray (Chrono Boost)  
  69  7:31  Gateway  
  69  7:34  Gateway  
  70  7:38  Pylon  
  70  7:39  Probe (Chrono Boost)  
  70  7:40  Pylon  
  70  7:50  Void Ray  
  70  7:56  Probe x2  
  76  8:02  Nexus  
  76  8:04  Pylon  
  76  8:07  Assimilator  
  76  8:08  Probe x2  
  76  8:12  Assimilator  
  78  8:21  Robotics Facility  
  78  8:40  Pylon  
  78  8:41  Probe x2  
  80  8:43  Pylon  
  80  8:45  Pylon  
  80  8:53  Probe x2  
  80  8:54  Void Ray x2  
  90  9:07  Probe x2  
  92  9:19  Probe  
  92  9:20  Probe x2  
  95  9:31  Probe, Void Ray x2  
  95  9:32  Probe  
  85  10:38  Void Ray x2 (Chrono Boost)  
  79  10:59  Observer  
  76  11:05  Fleet Beacon  
  76  11:08  Probe x2  
  76  11:09  Void Ray x2 (Chrono Boost)  
  78  11:15  Gateway  
  78  11:16  Gateway  
  78  11:18  Gateway  
  86  11:24  Twilight Council  
  86  11:26  Pylon  
  74  11:57  Stalker x3  
Tags
 
Add a new tag
Caveats
  • Supply blocks, unpowered buildings, or Contaminate may cause inaccurate times.
  • Supply counts are checked every 10 seconds.